Map: 10000 Feet LE

Players

DmitryK - Winner!

  • Race: Terran Terran
  • League: Platinum
  • Spawn Location: 5:00

VaZa

  • Race: Terran Terran
  • League: Platinum
  • Spawn Location: 11:00

VOD

Have the link to the VOD?

Description

Time

  • Played on: Jan. 15, 2026, 5:43 a.m.
  • Length: 8:13
Show
View Real Time Build Order
Export as new Build Order

DmitryK Terran - Winner!

Build Orders:  

Get SALT Encoding   

  12  0:00  SCV  
  13  0:12  SCV  
  14  0:18  Supply Depot  
  14  0:24  SCV  
  15  0:40  SCV  
  15  0:42  Barracks  
  16  0:48  Refinery  
  16  0:52  SCV  
  16  0:56  Supply Depot  
  17  1:04  SCV  
  18  1:12  Barracks  
  18  1:17  SCV  
  19  1:29  Barracks  
  19  1:32  SCV  
  19  1:41  Reaper  
  19  1:44  SCV  
  21  1:47  Refinery  
  21  1:58  Reaper  
  22  2:01  SCV  
  23  2:13  Orbital Command  
  23  2:15  Reaper  
  24  2:24  Reaper  
  25  2:34  Reaper  
  26  2:39  SCV  
  27  2:47  Reaper  
  28  2:51  Command Center  
  28  2:54  SCV  
  29  3:00  Reaper  
  30  3:06  SCV  
  31  3:37  Reaper  
  31  3:39  Reaper  
  31  3:51  Reaper  
  31  4:09  Reaper  
  32  4:11  Reaper  
  32  4:13  Orbital Command  
  32  4:15  SCV  
  34  4:19  Factory  
  34  4:20  Command Center  
  34  4:23  Reaper  
  35  4:27  SCV  
  36  4:36  Refinery  
  36  4:39  SCV  
  36  4:41  Reaper  
  36  4:45  Refinery  
  38  4:46  Refinery  
  38  4:51  SCV  
  39  4:54  SCV  
  39  4:59  Refinery  
  40  5:03  SCV  
  40  5:05  Starport  
  41  5:10  Factory Tech Lab  
  33  5:51  Starport Reactor  
  33  5:53  Siege Tank  
  33  5:54  SCV x2  
  33  5:57  Orbital Command  
  38  6:06  SCV x2  
  40  6:18  SCV x2  
  41  6:25  Siege Tank  
  45  6:28  Viking, Liberator  
  45  6:30  SCV x2  
  52  6:35  SCV  
  53  6:42  SCV x2  
  53  6:46  Supply Depot  
  56  6:47  SCV  
  56  6:54  SCV  
  56  6:55  SCV  
  56  6:56  Factory  
  56  6:59  SCV  
  59  7:06  SCV  
  59  7:07  SCV  
  59  7:08  Siege Tank  
  64  7:11  SCV  
  64  7:12  Liberator  
  68  7:19  SCV  
  69  7:45  Factory Reactor  
  69  8:03  Factory  
  69  8:06  Command Center  
  69  8:09  Refinery  
Show
View Real Time Build Order
Export as new Build Order

VaZa Terran 

Build Orders:  

Get SALT Encoding   

  12  0:01  SCV  
  13  0:19  Supply Depot  
  13  0:20  SCV  
  14  0:36  SCV  
  15  0:43  Barracks  
  15  0:48  SCV  
  16  1:09  Refinery  
  16  1:10  SCV  
  17  1:22  SCV  
  18  1:41  Command Center, SCV  
  19  1:53  SCV  
  20  1:55  Marine  
  21  2:03  Supply Depot  
  21  2:05  SCV  
  22  2:18  SCV  
  23  2:30  SCV, Barracks Tech Lab  
  24  2:43  Refinery  
  24  2:44  SCV  
  25  2:55  Barracks  
  25  2:56  SCV  
  26  3:01  Factory  
  26  3:04  Marauder  
  28  3:15  Supply Depot  
  19  3:41  SCV  
  19  3:53  SCV  
  20  3:56  Marine  
  21  4:05  SCV  
  22  4:14  Marine  
  23  4:27  Orbital Command  
  23  4:32  Marine  
  24  4:50  Marauder  
  26  5:05  Barracks  
  26  5:07  SCV  
  26  5:11  Marauder  
  28  5:19  SCV  
  11  5:52  SCV  
  12  5:58  SCV  
  13  6:04  SCV  
  15  6:16  SCV  
  12  7:18  Factory Reactor  
Tags
 
Add a new tag
Caveats
  • Supply blocks, unpowered buildings, or Contaminate may cause inaccurate times.
  • Supply counts are checked every 10 seconds.